| TOP OF THE 1ST |
|
San Antonio Missions batting - Pitching for Amarillo Gold Sox : RHP Stew Cliburn
|
|
Pitching: RHP Stew Cliburn
|
|
|
Batting: RHB Ivan Calderon
|
0-0: Ground out 3-1 (Groundball, 34, EV 90.0 MPH)
|
|
Batting: RHB Amos Lewis
|
0-0: Swinging Strike 0-1: Ball 1-1: Foul Ball, location: 2F 1-2: Fly out, F5 (Line Drive, 5, EV 78.1 MPH)
|
|
Batting: RHB Ed Hearn
|
0-0: Called Strike 0-1: Ball 1-1: Ball 2-1: Swinging Strike 2-2: Strikes out swinging
|
| Top of the 1st over - 0 runs, 0 hits, 0 errors, 0 left on base; San Antonio 0 - Amarillo 0 |
| BOTTOM OF THE 1ST |
|
Amarillo Gold Sox batting - Pitching for San Antonio Missions : RHP William Fewox
|
|
Pitching: RHP William Fewox
|
|
|
Batting: SHB Mike Felder
|
0-0: Called Strike 0-1: Ground out 4-3 (Groundball, 34D, EV 93.1 MPH)
|
|
Batting: LHB Hector Arroyo
|
0-0: Ground out U3 (Groundball, 3S, EV 91.3 MPH)
|
|
Batting: SHB Al Newman
|
0-0: Ball 1-0: Called Strike 1-1: Swinging Strike 1-2: Fly out, F9 (Flyball, 9LD, EV 83.1 MPH)
|
| Bottom of the 1st over - 0 runs, 0 hits, 0 errors, 0 left on base; San Antonio 0 - Amarillo 0 |
| TOP OF THE 2ND |
|
San Antonio Missions batting - Pitching for Amarillo Gold Sox : RHP Stew Cliburn
|
|
Batting: RHB Larry Hamilton
|
0-0: Fly out, F8 (Flyball, 8RD, EV 94.4 MPH)
|
|
Batting: LHB Lee Pruitt
|
0-0: Foul Ball, location: 2F 0-1: Ball 1-1: Foul Ball, location: 2F 1-2: Ball 2-2: Foul Ball, location: 2F 2-2: Ball 3-2: Ground out 4-3 (Groundball, 4, EV 108.8 MPH)
|
|
Batting: RHB Jack Clark
|
0-0: Ball 1-0: Foul Ball, location: 2F 1-1: Foul Ball, location: 2F 1-2: Ball 2-2: Ball 3-2: Base on Balls
|
|
Batting: LHB Jerold Johnston
|
0-0: Ball 1-0: Ball 2-0: Ball 3-0: Called Strike 3-1: Foul Ball, location: 2F 3-2: SINGLE (Groundball, 34S, EV 70.6 MPH) (infield hit) Jack Clark to second
|
|
Batting: LHB Matt Nokes
|
0-0: Called Strike 0-1: Foul Ball, location: 2F 0-2: Fielders Choice at 2nd, 5-4 (Groundball, 5, EV 86.3 MPH)
|
| Top of the 2nd over - 0 runs, 1 hit, 0 errors, 2 left on base; San Antonio 0 - Amarillo 0 |
| BOTTOM OF THE 2ND |
|
Amarillo Gold Sox batting - Pitching for San Antonio Missions : RHP William Fewox
|
|
Batting: RHB Bill Pecota
|
0-0: Foul Ball, location: 2F 0-1: Ball 1-1: Foul Ball, location: 2F 1-2: Foul Ball, location: 2F 1-2: Foul Ball, location: 2F 1-2: Fly out, F8 (Flyball, 8LD, EV 83.1 MPH)
|
|
Batting: SHB Steve Jeltz
|
0-0: Ground out 6-3 (Groundball, 6, EV 89.4 MPH)
|
|
Batting: LHB Derwin McNealy
|
0-0: Ball 1-0: Ball 2-0: Ball 3-0: Called Strike 3-1: Base on Balls
|
|
Batting: RHB Chino Cadahia
|
0-0: Ball 1-0: Called Strike 1-1: Ground out 2-3 (Groundball, 13S, EV 65.6 MPH)
|
| Bottom of the 2nd over - 0 runs, 0 hits, 0 errors, 1 left on base; San Antonio 0 - Amarillo 0 |
| TOP OF THE 3RD |
|
San Antonio Missions batting - Pitching for Amarillo Gold Sox : RHP Stew Cliburn
|
|
Batting: RHB Archie Amerson
|
0-0: Ball 1-0: Called Strike 1-1: Ball 2-1: Foul Ball, location: 2F 2-2: Ground out 5-3 (Groundball, 56, EV 98.1 MPH)
|
|
Batting: RHB Ivan Calderon
|
0-0: Swinging Strike 0-1: Ball 1-1: Called Strike 1-2: Foul Ball, location: 2F 1-2: Ball 2-2: Strikes out looking
|
|
Batting: RHB Amos Lewis
|
0-0: Called Strike 0-1: Ball 1-1: Ball 2-1: Ball 3-1: Ground out 5-3 (Groundball, 56S, EV 90.6 MPH)
|
| Top of the 3rd over - 0 runs, 0 hits, 0 errors, 0 left on base; San Antonio 0 - Amarillo 0 |
| BOTTOM OF THE 3RD |
|
Amarillo Gold Sox batting - Pitching for San Antonio Missions : RHP William Fewox
|
|
Batting: RHB Vic Alvarado
|
0-0: Swinging Strike 0-1: Ball 1-1: Swinging Strike 1-2: Strikes out swinging
|
|
Batting: RHB Todd Smith
|
0-0: Foul Ball, location: 2F 0-1: Ground out 5-3 (Groundball, 56S, EV 93.8 MPH)
|
|
Batting: SHB Mike Felder
|
0-0: Ball 1-0: Ball 2-0: Reached on error, E3 (Groundball, 3, EV 79.4 MPH)
|
|
Batting: LHB Hector Arroyo
|
0-0: Called Strike 0-1: Ball 1-1: Foul Ball, location: 2F 1-2: Ground out 4-3 (Groundball, 4, EV 80.0 MPH)
|
| Bottom of the 3rd over - 0 runs, 0 hits, 1 error, 1 left on base; San Antonio 0 - Amarillo 0 |
| TOP OF THE 4TH |
|
San Antonio Missions batting - Pitching for Amarillo Gold Sox : RHP Stew Cliburn
|
|
Batting: RHB Ed Hearn
|
0-0: Called Strike 0-1: Ball 1-1: Ball 2-1: Fly out, F8 (Flyball, 89D, EV 98.1 MPH)
|
|
Batting: RHB Larry Hamilton
|
0-0: Called Strike 0-1: Foul Ball, location: 2F 0-2: Ball 1-2: Ball 2-2: Ball 3-2: Base on Balls
|
|
Batting: LHB Lee Pruitt
|
0-0: Ball 1-0: Fly out, F5 (Popup, 5F, EV 61.9 MPH)
|
|
Batting: RHB Jack Clark
|
0-0: Ball 1-0: Foul Ball, location: 2F 1-1: Ball 2-1: Fielders Choice at 2nd, 6-4 (Groundball, 6, EV 83.8 MPH)
|
| Top of the 4th over - 0 runs, 0 hits, 0 errors, 1 left on base; San Antonio 0 - Amarillo 0 |
| BOTTOM OF THE 4TH |
|
Amarillo Gold Sox batting - Pitching for San Antonio Missions : RHP William Fewox
|
|
Batting: SHB Al Newman
|
0-0: Swinging Strike 0-1: Ball 1-1: Foul Ball, location: 2F 1-2: Ball 2-2: DOUBLE (Line Drive, 78D, EV 111.3 MPH)
|
|
Batting: RHB Bill Pecota
|
0-0: Swinging Strike 0-1: Foul Ball, location: 2F 0-2: Ball 1-2: Fly out, F9 (Flyball, 9LM, EV 88.8 MPH)
|
|
Batting: SHB Steve Jeltz
|
0-0: Ball 1-0: Ball 2-0: Foul Ball, location: 2F 2-1: Ball Wild Pitch! Al Newman to third 3-1: Base on Balls
|
|
Batting: LHB Derwin McNealy
|
0-0: Called Strike 0-1: Ball 1-1: Swinging Strike 1-2: Ball 2-2: Ball 3-2: Foul Ball, location: 2F 3-2: Base on Balls Steve Jeltz to second
|
|
Batting: RHB Chino Cadahia
|
0-0: Ball 1-0: Grounds into double play, 6-4-3 (Groundball, 6M, EV 108.1 MPH)
|
| Bottom of the 4th over - 0 runs, 1 hit, 0 errors, 2 left on base; San Antonio 0 - Amarillo 0 |
| TOP OF THE 5TH |
|
San Antonio Missions batting - Pitching for Amarillo Gold Sox : RHP Stew Cliburn
|
|
Batting: LHB Jerold Johnston
|
0-0: Called Strike 0-1: Ball 1-1: Foul Ball, location: 2F 1-2: Ball 2-2: Ball 3-2: Fly out, F8 (Flyball, 8LD, EV 77.5 MPH)
|
|
Batting: LHB Matt Nokes
|
0-0: Swinging Strike 0-1: Ball 1-1: Foul Ball, location: 2F 1-2: Ground out 5-3 (Groundball, 56S, EV 92.5 MPH)
|
|
Batting: RHB Archie Amerson
|
0-0: Ball 1-0: Called Strike 1-1: Ground out 4-3 (Groundball, 4D, EV 104.4 MPH)
|
| Top of the 5th over - 0 runs, 0 hits, 0 errors, 0 left on base; San Antonio 0 - Amarillo 0 |
| BOTTOM OF THE 5TH |
|
Amarillo Gold Sox batting - Pitching for San Antonio Missions : RHP William Fewox
|
|
Batting: RHB Vic Alvarado
|
0-0: SOLO HOME RUN (Flyball, 7LD, EV 84.4 MPH), Distance : 370 ft
|
|
Batting: RHB Todd Smith
|
0-0: Ball 1-0: Ball 2-0: Ground out 4-3 (Groundball, 4, EV 89.4 MPH)
|
|
Batting: SHB Mike Felder
|
0-0: Called Strike 0-1: Ball 1-1: Ball 2-1: Foul Ball, location: 2F 2-2: Ball 3-2: Foul Ball, location: 2F 3-2: Strikes out looking
|
|
Batting: LHB Hector Arroyo
|
0-0: Ball 1-0: Ball 2-0: Foul Ball, location: 2F 2-1: Ball 3-1: Base on Balls
|
|
Batting: SHB Al Newman
|
0-0: Fly out, F7 (Line Drive, 7D, EV 89.4 MPH)
|
| Bottom of the 5th over - 1 run, 1 hit, 0 errors, 1 left on base; San Antonio 0 - Amarillo 1 |
| TOP OF THE 6TH |
|
San Antonio Missions batting - Pitching for Amarillo Gold Sox : RHP Stew Cliburn
|
|
Batting: RHB Ivan Calderon
|
0-0: Ball 1-0: DOUBLE (Flyball, 8LXD, EV 93.8 MPH)
|
|
Batting: RHB Amos Lewis
|
0-0: Fly out, F6 (Popup, 4MD, EV 50.6 MPH)
|
|
Batting: RHB Ed Hearn
|
0-0: SINGLE (Groundball, 56D, EV 106.9 MPH) Ivan Calderon to third Runner from 3rd tries for Home, SAFE, throw by LF to home
|
|
Batting: RHB Larry Hamilton
|
0-0: Ball 1-0: Ball 2-0: Called Strike 2-1: Called Strike 2-2: Ball 3-2: Ground out 6-3 (Groundball, 6, EV 78.1 MPH) Ed Hearn to second
|
|
Batting: LHB Lee Pruitt
|
0-0: Ball 1-0: Foul Ball, location: 2F 1-1: Called Strike 1-2: Strikes out swinging
|
| Top of the 6th over - 1 run, 2 hits, 0 errors, 1 left on base; San Antonio 1 - Amarillo 1 |
| BOTTOM OF THE 6TH |
|
Amarillo Gold Sox batting - Pitching for San Antonio Missions : RHP William Fewox
|
|
Batting: RHB Bill Pecota
|
0-0: Foul Ball, location: 2F 0-1: Ball 1-1: Swinging Strike 1-2: Strikes out swinging
|
|
Batting: SHB Steve Jeltz
|
0-0: Called Strike 0-1: Called Strike 0-2: DOUBLE (Flyball, 8RD, EV 110.0 MPH)
|
|
Batting: LHB Derwin McNealy
|
0-0: Intentional Walk
|
|
Batting: RHB Chino Cadahia
|
0-0: Ball 1-0: Called Strike 1-1: Called Strike 1-2: Strikes out looking
|
|
Batting: RHB Vic Alvarado
|
0-0: Ball 1-0: Ball 2-0: Ball 3-0: Called Strike 3-1: Called Strike 3-2: Ground out 5-3 (Groundball, 56, EV 90.6 MPH)
|
| Bottom of the 6th over - 0 runs, 1 hit, 0 errors, 2 left on base; San Antonio 1 - Amarillo 1 |
| TOP OF THE 7TH |
|
San Antonio Missions batting - Pitching for Amarillo Gold Sox : RHP Stew Cliburn
|
|
Batting: RHB Jack Clark
|
0-0: Fly out, F7 (Flyball, 78S, EV 85.0 MPH)
|
|
Batting: LHB Jerold Johnston
|
0-0: Foul Ball, location: 2F 0-1: Called Strike 0-2: Fly out, F5 (Popup, 56S, EV 80.6 MPH)
|
|
Batting: LHB Matt Nokes
|
0-0: Ball 1-0: Called Strike 1-1: Fly out, F4 (Popup, 13, EV 73.8 MPH)
|
| Top of the 7th over - 0 runs, 0 hits, 0 errors, 0 left on base; San Antonio 1 - Amarillo 1 |
| BOTTOM OF THE 7TH |
|
Amarillo Gold Sox batting - Pitching for San Antonio Missions : RHP William Fewox
|
|
Batting: RHB Todd Smith
|
0-0: Ball 1-0: Foul Ball, location: 2F 1-1: Swinging Strike 1-2: Strikes out swinging
|
|
Batting: SHB Mike Felder
|
0-0: Ball 1-0: Ball 2-0: SINGLE (Groundball, 6, EV 100.0 MPH)
|
|
Batting: LHB Hector Arroyo
|
0-0: Ball Mike Felder steals 2nd base 1-0: Ball 2-0: Called Strike 2-1: Foul Ball, location: 2F 2-2: Ball 3-2: Base on Balls
|
|
Batting: SHB Al Newman
|
0-0: Ball Mike Felder steals 3rd base Hector Arroyo to second 1-0: Intentional Walk
|
|
Batting: RHB Bill Pecota
|
0-0: Called Strike 0-1: Foul Ball, location: 2F 0-2: Ball 1-2: SINGLE (Groundball, 6, EV 101.9 MPH) Mike Felder scores Hector Arroyo to third Al Newman to second Runner from 3rd tries for Home, SAFE, throw by LF to trailing runner, OUT at third! 7-3-5
|
|
Batting: SHB Steve Jeltz
|
0-0: Ball 1-0: Ball 2-0: Ball 3-0: Base on Balls Bill Pecota to second
|
|
Batting: LHB Derwin McNealy
|
0-0: Ball 1-0: Fly out, F9 (Line Drive, 9D, EV 98.1 MPH)
|
| Bottom of the 7th over - 2 runs, 2 hits, 0 errors, 2 left on base; San Antonio 1 - Amarillo 3 |
| TOP OF THE 8TH |
|
San Antonio Missions batting - Pitching for Amarillo Gold Sox : RHP Stew Cliburn
|
|
Pitching: RHP Luis Peralta
|
|
|
Batting: RHB Archie Amerson
|
0-0: Swinging Strike 0-1: Called Strike 0-2: Strikes out swinging
|
|
Batting: RHB Ivan Calderon
|
0-0: Called Strike 0-1: Ground out 5-3 (Groundball, 5, EV 99.4 MPH)
|
|
Batting: RHB Amos Lewis
|
0-0: SINGLE (Groundball, 6MD, EV 99.4 MPH)
|
|
Batting: RHB Ed Hearn
|
0-0: Ball 1-0: Called Strike 1-1: Ball 2-1: Swinging Strike 2-2: Ball 3-2: Strikes out swinging
|
| Top of the 8th over - 0 runs, 1 hit, 0 errors, 1 left on base; San Antonio 1 - Amarillo 3 |
| BOTTOM OF THE 8TH |
|
Amarillo Gold Sox batting - Pitching for San Antonio Missions : RHP William Fewox
|
|
Batting: RHB Chino Cadahia
|
0-0: Ball 1-0: Foul Ball, location: 2F 1-1: Ball 2-1: Ball 3-1: Called Strike 3-2: SOLO HOME RUN (Line Drive, 7LD, EV 99.4 MPH), Distance : 366 ft
|
|
Batting: RHB Vic Alvarado
|
0-0: Ground out 5-3 (Groundball, 56, EV 80.6 MPH)
|
|
Batting: RHB Todd Smith
|
0-0: Called Strike 0-1: Called Strike 0-2: DOUBLE (Groundball, 5L, EV 104.4 MPH)
|
|
Batting: SHB Mike Felder
|
0-0: Intentional Walk
|
|
Batting: LHB Hector Arroyo
|
0-0: Called Strike 0-1: Foul Ball, location: 2F 0-2: Fly out, F7 (Flyball, 78S, EV 90.0 MPH)
|
|
Batting: SHB Al Newman
|
0-0: Ball 1-0: Foul Ball, location: 2F 1-1: Called Strike 1-2: Ball 2-2: Ball 3-2: Ground out 5-3 (Groundball, 5S, EV 79.4 MPH)
|
| Bottom of the 8th over - 1 run, 2 hits, 0 errors, 2 left on base; San Antonio 1 - Amarillo 4 |
| TOP OF THE 9TH |
|
San Antonio Missions batting - Pitching for Amarillo Gold Sox : RHP Luis Peralta
|
|
Pitching: RHP Joel Finch
|
|
|
Batting: RHB Larry Hamilton
|
0-0: Ball 1-0: Ball 2-0: Ball 3-0: Base on Balls
|
|
Batting: LHB Lee Pruitt
|
0-0: Ball 1-0: Ball 2-0: SINGLE (Groundball, 34D, EV 98.1 MPH) Larry Hamilton to second
|
|
Pinch Hitting: RHB Andrew Walker
|
0-0: Called Strike 0-1: SINGLE (Flyball, 6MD, EV 95.6 MPH) Larry Hamilton to third Lee Pruitt to second
|
|
Batting: LHB Jerold Johnston
|
0-0: Foul Ball, location: 2F 0-1: Ball 1-1: Ball 2-1: Fielders Choice at 2nd, 4-6 (Groundball, 4MD, EV 99.4 MPH) Larry Hamilton scores Lee Pruitt to third
|
|
Batting: LHB Matt Nokes
|
0-0: Foul Ball, location: 2F 0-1: SINGLE (Line Drive, 8LS, EV 101.9 MPH) Lee Pruitt scores Jerold Johnston to second
|
|
Pinch Hitting: SHB Wallace Johnson
|
0-0: DOUBLE (Line Drive, 5D, EV 101.3 MPH) Jerold Johnston scores Matt Nokes to third Runner from 3rd tries for Home, throw by LF and OUT! 7-6-2
|
|
Batting: RHB Ivan Calderon
|
0-0: Intentional Walk
|
|
Batting: RHB Amos Lewis
|
0-0: Ball 1-0: Ball 2-0: Called Strike 2-1: Ground out 4-3 (Groundball, 4S, EV 79.4 MPH)
|
| Top of the 9th over - 3 runs, 4 hits, 0 errors, 2 left on base; San Antonio 4 - Amarillo 4 |
| BOTTOM OF THE 9TH |
|
Amarillo Gold Sox batting - Pitching for San Antonio Missions : RHP William Fewox
|
|
Now at 1B: Wallace Johnson
|
|
|
Now in CF: Steven Fortune
|
|
|
Batting: RHB Bill Pecota
|
0-0: Ball 1-0: Fly out, F9 (Flyball, 89D, EV 76.9 MPH)
|
|
Batting: SHB Steve Jeltz
|
0-0: Ball 1-0: Ball 2-0: Ball 3-0: Called Strike 3-1: Base on Balls
|
|
Batting: LHB Derwin McNealy
|
0-0: Ball 1-0: Ball 2-0: Foul Ball, location: 2F 2-1: Bunt missed! 2-2: Ball 3-2: Foul Ball, location: 2F 3-2: Strikes out looking
|
|
Batting: RHB Chino Cadahia
|
0-0: Ball 1-0: Called Strike 1-1: SINGLE (Line Drive, 6M, EV 108.1 MPH) Steve Jeltz to second Runner from 2nd tries for 3rd, SAFE, no throw by CF
|
|
Pinch Hitting: LHB Louie Meadows
|
0-0: Called Strike 0-1: Ball 1-1: Ball 2-1: SINGLE (Groundball, 6D, EV 105.6 MPH) Steve Jeltz scores
|
| Bottom of the 9th over - 1 run, 2 hits, 0 errors, 0 left on base; San Antonio 4 - Amarillo 5 |
|